Map: Romanticide LE

Players

LiquidClem (Clem) - Winner!

  • Race: Terran Terran
  • League: Master
  • Spawn Location: 11:00

GunGFuBanDa

  • Race: Protoss Protoss
  • League: Grandmaster
  • Spawn Location: 5:00

VOD

Have the link to the VOD?

Description

Time

  • Played on: April 5, 2021, 4:16 p.m.
  • Length: 12:15
Show
View Real Time Build Order
Export as new Build Order

LiquidClem Terran - Winner!

Build Orders: Reaper Expand 

Get SALT Encoding   

  12  0:00  SCV  
  13  0:12  SCV  
  14  0:17  Supply Depot  
  14  0:25  SCV  
  15  0:38  SCV  
  15  0:40  Barracks  
  16  0:43  Refinery  
  16  0:50  SCV  
  17  1:02  SCV  
  18  1:14  SCV  
  19  1:27  Reaper, Orbital Command  
  20  1:46  Command Center  
  20  1:50  Supply Depot  
  20  1:53  SCV  
  21  1:59  Marine  
  22  2:05  SCV  
  23  2:10  Factory  
  23  2:16  Marine  
  23  2:17  SCV  
  25  2:24  Bunker  
  25  2:29  SCV, Refinery  
  26  2:35  Barracks Reactor  
  26  2:41  SCV  
  27  2:53  SCV  
  27  2:55  Hellion  
  30  3:00  Orbital Command  
  30  3:02  Starport  
  30  3:05  SCV  
  30  3:11  Marine x2  
  32  3:17  SCV, Widow Mine  
  35  3:26  SCV  
  36  3:29  SCV, Marine x2  
  36  3:30  Supply Depot  
  39  3:38  SCV, Medivac  
  39  3:39  Widow Mine  
  44  3:42  SCV  
  45  3:49  Barracks  
  45  3:50  SCV  
  45  3:51  Marine x2  
  48  3:56  SCV  
  48  3:58  Barracks  
  48  4:02  Supply Depot  
  49  4:03  SCV  
  49  4:05  Factory Tech Lab  
  50  4:10  Marine x2  
  50  4:11  SCV, Starport Tech Lab  
  53  4:17  SCV, Supply Depot  
  54  4:25  Engineering Bay  
  54  4:27  Siege Tank  
  54  4:28  SCV  
  54  4:30  SCV  
  57  4:35  Marine  
  57  4:36  Refinery  
  57  4:37  Marine  
  59  4:40  Starport Reactor  
  59  4:41  SCV  
  59  4:42  SCV  
  61  4:49  Stimpack, Marauder  
  61  4:53  SCV  
  61  4:54  SCV, Terran Infantry Weapons Level 1  
  63  5:03  Marine x2  
  63  5:05  SCV  
  64  5:08  SCV, Refinery, Supply Depot  
  64  5:09  Marauder  
  64  5:10  Factory Reactor  
  64  5:12  Combat Shield  
  67  5:18  Marauder  
  69  5:21  SCV, Supply Depot  
  69  5:27  Supply Depot  
  70  5:29  Marine x2  
  70  5:33  Marauder, SCV  
  75  5:43  Marauder  
  75  5:47  Medivac x2, Command Center  
  75  5:49  Widow Mine  
  83  5:50  Widow Mine  
  83  5:52  Supply Depot  
  83  5:54  Marine  
  83  5:55  Marine  
  87  5:58  Marauder  
  87  6:01  SCV  
  87  6:02  SCV  
  90  6:07  Marauder, Supply Depot  
  92  6:12  Marine  
  92  6:13  Marine  
  92  6:14  SCV, Widow Mine x2  
  92  6:16  SCV  
  100  6:21  Marauder  
  101  6:26  SCV  
  101  6:30  Barracks  
  101  6:31  Barracks  
  101  6:32  Supply Depot  
  102  6:34  Marine  
  102  6:39  Widow Mine x2  
  106  6:40  Marine  
  106  6:42  Marauder  
  110  6:47  SCV  
  110  6:48  Terran Infantry Armor Level 1  
  110  6:51  Concussive Shells  
  110  6:53  Marauder, SCV, Marine  
  114  6:59  Medivac, Supply Depot  
  116  7:05  Orbital Command  
  116  7:06  Marine  
  116  7:07  SCV  
  114  7:09  Marine  
  114  7:10  SCV  
  114  7:14  Marine  
  116  7:19  SCV, Widow Mine  
  116  7:20  Widow Mine  
  116  7:21  Barracks Reactor, Barracks Tech Lab  
  121  7:23  SCV  
  121  7:28  Marine  
  117  7:31  SCV  
  117  7:33  Medivac  
  117  7:34  Medivac  
  117  7:35  SCV  
  117  7:37  SCV  
  117  7:39  Marine  
  117  7:40  Marauder  
  117  7:44  SCV  
  118  7:46  Supply Depot  
  118  7:47  SCV, Marine  
  118  7:48  Engineering Bay  
  118  7:49  Armory  
  120  7:51  Siege Tank  
  120  7:52  Marauder, Barracks Tech Lab  
  120  7:56  Marine  
  126  7:58  Bunker  
  126  7:59  SCV  
  126  8:01  SCV  
  126  8:02  SCV, Supply Depot  
  126  8:04  Marine  
  126  8:05  Marine x2  
  131  8:08  Marauder  
  132  8:13  Marauder  
  132  8:14  Marauder  
  132  8:15  SCV  
  132  8:16  SCV  
  132  8:17  Refinery  
  132  8:18  Medivac  
  132  8:19  Medivac  
  142  8:21  Marine  
  142  8:22  SCV  
  142  8:26  Refinery  
  144  8:27  SCV  
  144  8:28  Supply Depot  
  144  8:29  Marauder  
  144  8:30  Marine  
  144  8:31  Marine x2  
  150  8:38  Supply Depot  
  150  8:41  Command Center  
  150  8:46  Marine, Supply Depot  
  150  8:47  Marauder x2, Supply Depot  
  155  8:50  Medivac, Siege Tank  
  155  8:51  Medivac  
  162  8:56  Terran Infantry Weapons Level 2  
  162  8:58  Terran Infantry Armor Level 2  
  162  9:07  Marine x3  
  162  9:08  Marauder x2, Marine  
  162  9:09  Marauder  
  172  9:11  Supply Depot  
  172  9:21  Factory  
  172  9:23  Viking x2  
  176  9:25  Ghost Academy  
  176  9:28  Marine x4  
  176  9:30  Siege Tank  
  183  9:34  SCV  
  183  9:35  SCV  
  183  9:36  Supply Depot  
  185  9:40  Marauder x2  
  187  9:47  Refinery  
  187  9:48  Missile Turret  
  187  9:49  Missile Turret  
  187  9:50  Missile Turret  
  187  9:51  Refinery  
  185  9:54  SCV  
  185  9:56  Missile Turret  
  185  9:57  Marauder  
  188  10:01  Marauder  
  188  10:03  Terran Vehicle Weapons Level 1  
  188  10:04  Viking  
  192  10:07  Viking  
  192  10:10  Siege Tank  
  196  10:18  Planetary Fortress  
  194  10:23  Factory Tech Lab  
  194  10:24  Ghost  
  194  10:27  SCV x2, Missile Turret  
  194  10:28  SCV  
  199  10:35  Marine  
  199  10:40  Marauder, Marine  
  199  10:41  SCV  
  193  10:42  Siege Tank  
  193  10:45  Siege Tank  
  193  10:46  SCV  
  193  10:47  SCV  
  193  10:48  Marauder, Marine  
  196  10:53  SCV, Ghost  
  196  10:55  SCV  
  194  11:03  SCV x2  
  190  11:14  Viking x2, Siege Tank  
  190  11:16  SCV  
  190  11:17  SCV  
  199  11:29  SCV, Command Center  
  199  11:31  Sensor Tower  
  198  11:41  Ghost  
  190  11:47  Marine x2  
  190  11:48  Marauder, Marine x2  
  190  11:49  Marauder  
  190  11:51  SCV  
  190  11:54  SCV  
Show
View Real Time Build Order
Export as new Build Order

GunGFuBanDa Protoss 

Build Orders: 1 Gate Expand, Blink Stalkers 

Get SALT Encoding   

  12  0:00  Probe  
  13  0:12  Probe  
  14  0:17  Pylon  
  14  0:24  Probe (Chrono Boost)  
  15  0:36  Probe (Chrono Boost)  
  15  0:37  Gateway  
  16  0:44  Probe (Chrono Boost)  
  16  0:47  Assimilator  
  17  0:50  Probe  
  18  1:03  Probe  
  19  1:15  Probe  
  20  1:24  Cybernetics Core  
  20  1:33  Nexus  
  20  1:35  Probe  
  21  1:45  Pylon  
  21  1:47  Probe  
  22  1:56  Assimilator  
  22  2:00  Probe (Chrono Boost)  
  23  2:03  Adept (Chrono Boost)  
  23  2:05  Warp Gate  
  25  2:12  Probe (Chrono Boost)  
  26  2:16  Probe (Chrono Boost)  
  27  2:27  Probe  
  30  2:30  Stalker (Chrono Boost)  
  29  2:39  Probe  
  30  2:50  Stalker (Chrono Boost)  
  30  2:51  Probe  
  33  3:00  Probe  
  33  3:03  Probe  
  35  3:07  Twilight Council  
  35  3:12  Probe (Chrono Boost)  
  37  3:21  Probe (Chrono Boost)  
  37  3:23  Probe (Chrono Boost)  
  37  3:24  Gateway  
  38  3:28  Probe x2 (Chrono Boost)  
  40  3:38  Probe  
  40  3:39  Probe, Blink (Chrono Boost)  
  42  3:48  Nexus  
  42  3:50  Probe  
  42  3:53  Pylon  
  42  3:54  Probe  
  44  3:59  Robotics Facility  
  44  4:02  Probe  
  45  4:06  Assimilator  
  45  4:14  Stalker, Probe x2  
  45  4:16  Pylon  
  49  4:26  Probe  
  49  4:28  Probe  
  49  4:29  Shield Battery  
  51  4:35  Gateway  
  51  4:37  Gateway  
  51  4:38  Probe  
  51  4:41  Stalker x2  
  56  4:47  Observer  
  56  4:49  Probe  
  56  4:51  Probe  
  57  5:04  Probe (Chrono Boost)  
  57  5:05  Probe (Chrono Boost)  
  57  5:07  Probe (Chrono Boost)  
  60  5:14  Probe x2 (Chrono Boost)  
  62  5:16  Robotics Bay  
  62  5:18  Probe (Chrono Boost)  
  62  5:20  Probe (Chrono Boost)  
  65  5:23  Pylon  
  65  5:24  Probe (Chrono Boost)  
  66  5:29  Probe (Chrono Boost)  
  66  5:30  Probe (Chrono Boost)  
  66  5:33  Probe (Chrono Boost)  
  66  5:34  Forge  
  66  5:35  Pylon, Probe, Sentry  
  70  5:36  Charge  
  70  5:38  Probe  
  72  5:43  Probe  
  72  5:47  Probe  
  72  5:49  Assimilator  
  74  5:50  Assimilator, Probe  
  74  5:52  Pylon  
  74  5:55  Probe  
  76  6:01  Colossus (Chrono Boost)  
  76  6:04  Observer  
  76  6:07  Protoss Ground Weapons Level 1  
  83  6:11  Probe (Chrono Boost)  
  83  6:13  Gateway  
  83  6:15  Gateway  
  83  6:17  Gateway  
  83  6:19  Gateway  
  83  6:22  Probe (Chrono Boost)  
  83  6:23  Extended Thermal Lance  
  83  6:25  Pylon  
  84  6:29  Zealot x4  
  84  6:30  Pylon  
  92  6:33  Pylon  
  92  6:44  Pylon, Colossus (Chrono Boost)  
  98  6:57  Zealot x3  
  98  6:58  Zealot  
  106  7:02  Pylon  
  106  7:03  Pylon  
  96  7:11  Shield Battery  
  95  7:19  Zealot x4  
  95  7:21  Zealot x2  
  104  7:24  Observer  
  104  7:25  Colossus (Chrono Boost)  
  104  7:28  Stalker x2  
  108  7:35  Probe (Chrono Boost)  
  101  7:37  Probe (Chrono Boost)  
  101  7:43  Probe (Chrono Boost)  
  100  7:46  Probe (Chrono Boost)  
  100  7:47  Probe (Chrono Boost)  
  100  7:50  Probe (Chrono Boost)  
  100  7:51  Probe (Chrono Boost)  
  102  7:52  Probe (Chrono Boost)  
  102  7:56  Stalker x3  
  102  7:57  Stalker  
  112  8:01  Probe x2  
  112  8:02  Sentry x4  
  112  8:03  Probe  
  123  8:14  Probe (Chrono Boost)  
  123  8:15  Probe x2 (Chrono Boost)  
  126  8:26  Protoss Ground Weapons Level 2 (Chrono Boost)  
  129  8:27  Probe (Chrono Boost)  
  129  8:28  Immortal (Chrono Boost)  
  129  8:30  Photon Cannon  
  129  8:31  Probe x2 (Chrono Boost)  
  129  8:34  Probe (Chrono Boost)  
  133  8:35  Dark Shrine  
  136  8:41  Photon Cannon  
  136  8:46  Zealot x2  
  136  8:47  Zealot x3  
  144  9:00  Warp Prism, Pylon  
  144  9:07  Pylon  
  136  9:22  Stalker x6  
  148  9:27  Robotics Facility  
  147  9:41  Probe x2  
  147  9:42  Probe  
  147  9:43  Disruptor (Chrono Boost)  
  150  9:55  Nexus  
  150  9:58  Pylon  
  150  10:09  Probe  
  150  10:10  Dark Templar x3  
  150  10:12  Disruptor (Chrono Boost), Colossus (Chrono Boost)  
  155  10:16  Disruptor (Chrono Boost)  
  161  10:24  Dark Templar  
  161  10:26  Zealot x4  
  171  10:39  Probe (Chrono Boost)  
  171  10:40  Probe x2 (Chrono Boost)  
  151  10:52  Probe (Chrono Boost)  
  151  10:56  Stalker x5, Probe x2 (Chrono Boost), Zealot  
  162  10:57  Zealot  
  162  10:58  Probe (Chrono Boost)  
  162  11:01  Disruptor  
  162  11:02  Probe (Chrono Boost)  
  162  11:03  Probe  
  162  11:13  Immortal  
  164  11:19  Probe, Photon Cannon  
  164  11:20  Pylon  
  164  11:22  Archon, Pylon, Probe  
  164  11:23  Archon x2  
  165  11:26  Pylon  
  151  11:48  Zealot x5  
  121  12:04  Zealot x3  
Tags
 
Add a new tag
Caveats
  • Supply blocks, unpowered buildings, or Contaminate may cause inaccurate times.
  • Supply counts are checked every 10 seconds.